3AA
ATLANTIC CITY SONICS @ GLENDALE HERONS
09/02/2027
 
TOP OF THE 1ST
Atlantic City Sonics batting - Pitching for Glendale Herons : RHP Bob McGhee
Pitching: RHP Bob McGhee
Batting: RHB José López 0-0: Ball
1-0: Ball
2-0: Ball
3-0: Base on Balls
Batting: RHB Senior Pond 0-0: Ball
1-0: Foul Ball, location: 2F
1-1: Ball
2-1: Fly out, F6 (Popup, 56D)
Batting: RHB Brady Bess 0-0: Ball
Throwing error on steal attempt, E2
José López to third
1-0: Foul Ball, location: 2F
1-1: Foul Ball, location: 2F
1-2: Ball
2-2: Foul Ball, location: 2F
2-2: Ball
3-2: Fly out, F9 (Flyball, 9LMF)
Runner from 3rd tags up, SCORES, no throw
Batting: LHB Todd Blankenburg 0-0: Ball
1-0: Ball
2-0: Ball
3-0: Base on Balls
Batting: RHB Thurman Blumer 0-0: Called Strike
0-1: Fly out, F9 (Flyball, 9LM)
Top of the 1st over - 1 run(s), 0 hit(s), 1 error(s), 1 left on base; Atlantic City 1 - Glendale 0
BOTTOM OF THE 1ST
Glendale Herons batting - Pitching for Atlantic City Sonics : RHP Norberto Concepción
Pitching: RHP Norberto Concepción
Batting: RHB James Pike 0-0: Ball
1-0: Foul Ball, location: 2F
1-1: Ground out 5-3 (Groundball, 56)
Batting: SHB Glyn Bolasky 0-0: Ball
1-0: Swinging Strike
1-1: Fly out, F8 (Flyball, 8LD)
Batting: RHB Arsenio Laurel 0-0: Called Strike
0-1: Ball
1-1: Foul Ball, location: 2F
1-2: DOUBLE (Line Drive, 7LM)
Batting: RHB Christian Turner 0-0: Ball
1-0: Called Strike
1-1: DOUBLE (Flyball, 89XD)
Arsenio Laurel scores
Batting: SHB Jesús Herrera 0-0: Swinging Strike
0-1: Foul Ball, location: 2F
0-2: Ball
1-2: Ground out 4-3 (Groundball, 4)
Bottom of the 1st over - 1 run(s), 2 hit(s), 0 error(s), 1 left on base; Atlantic City 1 - Glendale 1
TOP OF THE 2ND
Atlantic City Sonics batting - Pitching for Glendale Herons : RHP Bob McGhee
Batting: RHB Kevin Malone 0-0: Ball
1-0: Called Strike
1-1: Called Strike
1-2: Foul Ball, location: 2F
1-2: Ball
2-2: Strikes out swinging
Batting: RHB Nelson Torez 0-0: Fly out, F7 (Flyball, 78M)
Batting: RHB Damon Grinter 0-0: Ball
1-0: Swinging Strike
1-1: Ball
2-1: Foul Ball, location: 2F
2-2: Strikes out swinging
Top of the 2nd over - 0 run(s), 0 hit(s), 0 error(s), 0 left on base; Atlantic City 1 - Glendale 1
BOTTOM OF THE 2ND
Glendale Herons batting - Pitching for Atlantic City Sonics : RHP Norberto Concepción
Batting: RHB Takechi Okubo 0-0: Ball
1-0: Ball
2-0: Ball
3-0: Called Strike
3-1: Foul Ball, location: 2F
3-2: Base on Balls
Batting: SHB Raúl Duarte 0-0: Called Strike
0-1: Swinging Strike
0-2: Ball
1-2: Ball
2-2: SINGLE (Groundball, 6) (infield hit)
Takechi Okubo to second
Batting: RHB Ramón Hernández 0-0: Fly out, F8 (Flyball, 8RM)
Batting: RHB Santiago Ramos 0-0: Ball
1-0: Fielders Choice at 2nd, 6-4 (Groundball, 56)
Takechi Okubo to third
Batting: RHB James Pike 0-0: Ball
1-0: Ball
2-0: Fielders Choice at 2nd, 5-4 (Groundball, 56)
Bottom of the 2nd over - 0 run(s), 1 hit(s), 0 error(s), 1 left on base; Atlantic City 1 - Glendale 1
TOP OF THE 3RD
Atlantic City Sonics batting - Pitching for Glendale Herons : RHP Bob McGhee
Batting: RHB Cristián Alfonso 0-0: Ball
1-0: Fly out, F6 (Popup, 6MD)
Batting: RHB José López 0-0: Ball
1-0: Ground out 4-3 (Groundball, 4M)
Batting: RHB Senior Pond 0-0: Foul Ball, location: 2F
0-1: Ball
1-1: DOUBLE (Line Drive, 7LM)
Batting: RHB Brady Bess 0-0: Called Strike
0-1: SINGLE (Groundball, 56D)
Senior Pond to third
Runner from 3rd tries for Home, SAFE, no throw
Batting: LHB Todd Blankenburg 0-0: Ball
1-0: Called Strike
1-1: Ball
2-1: Ball
3-1: Fly out, F8 (Line Drive, 8LS)
Top of the 3rd over - 1 run(s), 2 hit(s), 0 error(s), 1 left on base; Atlantic City 2 - Glendale 1
BOTTOM OF THE 3RD
Glendale Herons batting - Pitching for Atlantic City Sonics : RHP Norberto Concepción
Batting: SHB Glyn Bolasky 0-0: Ball
1-0: Ball
2-0: Fly out, F7 (Flyball, 7LS)
Batting: RHB Arsenio Laurel 0-0: Called Strike
0-1: Ball
1-1: Fly out, F8 (Flyball, 8RM)
Batting: RHB Christian Turner 0-0: Swinging Strike
0-1: Called Strike
0-2: Strikes out swinging
Bottom of the 3rd over - 0 run(s), 0 hit(s), 0 error(s), 0 left on base; Atlantic City 2 - Glendale 1
TOP OF THE 4TH
Atlantic City Sonics batting - Pitching for Glendale Herons : RHP Bob McGhee
Batting: RHB Thurman Blumer 0-0: Swinging Strike
0-1: Swinging Strike
0-2: Ball
1-2: Ball
2-2: Strikes out swinging
Batting: RHB Kevin Malone 0-0: SINGLE (Line Drive, 6MD)
Batting: RHB Nelson Torez 0-0: Ball
1-0: Ball
2-0: Swinging Strike
2-1: Ball
3-1: Called Strike
3-2: Base on Balls
Kevin Malone to second
Batting: RHB Damon Grinter 0-0: Ball
1-0: Ball
2-0: Called Strike
2-1: TRIPLE (Flyball, 8RD)
Kevin Malone scores
Nelson Torez scores
Batting: RHB Cristián Alfonso 0-0: Called Strike
0-1: Called Strike
0-2: SINGLE (Groundball, 4MD)
Damon Grinter scores
Batting: RHB José López 0-0: Ball
1-0: Ball
2-0: Ball
3-0: Base on Balls
Cristián Alfonso to second
Batting: RHB Senior Pond 0-0: Ball
1-0: Ball
2-0: Swinging Strike
2-1: Foul Ball, location: 2F
2-2: Ball
3-2: Foul Ball, location: 2F
3-2: Foul Ball, location: 2F
3-2: Foul Ball, location: 2F
3-2: Foul Ball, location: 2F
3-2: Base on Balls
Cristián Alfonso to third
José López to second
Batting: RHB Brady Bess 0-0: Ball
1-0: Called Strike
1-1: Foul Ball, location: 2F
1-2: Ball
2-2: Grounds into double play, 6-4-3 (Groundball, 6)
Top of the 4th over - 3 run(s), 3 hit(s), 0 error(s), 2 left on base; Atlantic City 5 - Glendale 1
BOTTOM OF THE 4TH
Glendale Herons batting - Pitching for Atlantic City Sonics : RHP Norberto Concepción
Batting: SHB Jesús Herrera 0-0: Called Strike
0-1: Ball
1-1: Called Strike
1-2: Strikes out looking
Batting: RHB Takechi Okubo 0-0: Called Strike
0-1: Ball
1-1: Swinging Strike
1-2: Ball
2-2: Foul Ball, location: 2F
2-2: Ball
3-2: Strikes out swinging
Batting: SHB Raúl Duarte 0-0: Ball
1-0: Ball
2-0: Called Strike
2-1: Foul Ball, location: 2F
2-2: Fly out, F7 (Flyball, 7)
Bottom of the 4th over - 0 run(s), 0 hit(s), 0 error(s), 0 left on base; Atlantic City 5 - Glendale 1
TOP OF THE 5TH
Atlantic City Sonics batting - Pitching for Glendale Herons : RHP Bob McGhee
Batting: LHB Todd Blankenburg 0-0: Ground out U3 (Groundball, 34)
Batting: RHB Thurman Blumer 0-0: Ball
1-0: Called Strike
1-1: Ground out 1-3 (Groundball, 13)
Batting: RHB Kevin Malone 0-0: Ball
1-0: Ball
2-0: Fly out, F8 (Flyball, 89XD)
Top of the 5th over - 0 run(s), 0 hit(s), 0 error(s), 0 left on base; Atlantic City 5 - Glendale 1
BOTTOM OF THE 5TH
Glendale Herons batting - Pitching for Atlantic City Sonics : RHP Norberto Concepción
Batting: RHB Ramón Hernández 0-0: Ball
1-0: Foul Ball, location: 2F
1-1: SINGLE (Line Drive, 7S)
Batting: RHB Santiago Ramos 0-0: Swinging Strike
0-1: Called Strike
0-2: Strikes out swinging
Batting: RHB James Pike 0-0: Ground out 5-3 (Groundball, 56S)
Ramón Hernández to second
Batting: SHB Glyn Bolasky 0-0: Called Strike
0-1: SINGLE (Flyball, 7S)
Ramón Hernández to third
Batting: RHB Arsenio Laurel 0-0: Called Strike
0-1: Swinging Strike
0-2: SINGLE (Groundball, 56D)
Ramón Hernández scores
Glyn Bolasky to second
Pitching: LHP Nees Bogermans
Batting: RHB Christian Turner 0-0: Ball
1-0: Fly out, F8 (Line Drive, 78S)
Bottom of the 5th over - 1 run(s), 3 hit(s), 0 error(s), 2 left on base; Atlantic City 5 - Glendale 2
TOP OF THE 6TH
Atlantic City Sonics batting - Pitching for Glendale Herons : RHP Bob McGhee
Batting: RHB Nelson Torez 0-0: Ball
1-0: Foul Ball, location: 2F
1-1: Ball
2-1: Called Strike
2-2: Ball
3-2: Strikes out swinging
Batting: RHB Damon Grinter 0-0: Ball
1-0: Ball
2-0: Ball
3-0: Called Strike
3-1: Foul Ball, location: 2F
3-2: Foul Ball, location: 2F
3-2: Foul Ball, location: 2F
3-2: Base on Balls
Pitching: LHP Ralph Horn
Batting: RHB Cristián Alfonso 0-0: Ball
1-0: Ball
2-0: Ball
3-0: Called Strike
3-1: DOUBLE (Line Drive, 9LM)
Damon Grinter to third
Runner from 3rd tries for Home, throw and OUT!
Cristián Alfonso to third
Batting: RHB José López 0-0: Ball
1-0: Foul Ball, location: 2F
1-1: Ball
2-1: Ball
3-1: Ground out 5-3 (Groundball, 56)
Top of the 6th over - 0 run(s), 1 hit(s), 0 error(s), 1 left on base; Atlantic City 5 - Glendale 2
BOTTOM OF THE 6TH
Glendale Herons batting - Pitching for Atlantic City Sonics : LHP Nees Bogermans
Batting: SHB Jesús Herrera 0-0: Called Strike
0-1: Fly out, F9 (Flyball, 9LMF)
Batting: RHB Takechi Okubo 0-0: Called Strike
0-1: Ground out 5-3 (Groundball, 5)
Batting: SHB Raúl Duarte 0-0: Ball
1-0: Called Strike
1-1: Foul Ball, location: 2F
1-2: Ball
2-2: Ball
3-2: Fly out, F9 (Flyball, 9)
Bottom of the 6th over - 0 run(s), 0 hit(s), 0 error(s), 0 left on base; Atlantic City 5 - Glendale 2
TOP OF THE 7TH
Atlantic City Sonics batting - Pitching for Glendale Herons : LHP Ralph Horn
Batting: RHB Senior Pond 0-0: Swinging Strike
0-1: Ball
1-1: Foul Ball, location: 2F
1-2: Fly out, F8 (Flyball, 78M)
Batting: RHB Brady Bess 0-0: Ball
1-0: Foul Ball, location: 2F
1-1: Fly out, F9 (Flyball, 9LM)
Batting: LHB Todd Blankenburg 0-0: Ball
1-0: Called Strike
1-1: Called Strike
1-2: SINGLE (Line Drive, 56D)
Batting: RHB Thurman Blumer 0-0: Fly out, F6 (Line Drive, 6)
Top of the 7th over - 0 run(s), 1 hit(s), 0 error(s), 1 left on base; Atlantic City 5 - Glendale 2
BOTTOM OF THE 7TH
Glendale Herons batting - Pitching for Atlantic City Sonics : LHP Nees Bogermans
Batting: RHB Ramón Hernández 0-0: Foul Ball, location: 2F
0-1: Ball
1-1: Ball
2-1: Ball
3-1: Foul Ball, location: 2F
3-2: Strikes out swinging
Batting: RHB Santiago Ramos 0-0: Ball
1-0: Swinging Strike
1-1: Ball
2-1: Foul Ball, location: 2F
2-2: Fly out, F8 (Flyball, 8RS)
Batting: RHB James Pike 0-0: Hit by Pitch
Batting: SHB Glyn Bolasky 0-0: Ball
1-0: Called Strike
James Pike steals 2nd base
1-1: Foul Ball, location: 2F
1-2: Ball
2-2: Strikes out swinging
Bottom of the 7th over - 0 run(s), 0 hit(s), 0 error(s), 1 left on base; Atlantic City 5 - Glendale 2
TOP OF THE 8TH
Atlantic City Sonics batting - Pitching for Glendale Herons : LHP Ralph Horn
Batting: RHB Kevin Malone 0-0: Foul Ball, location: 2F
0-1: SINGLE (Line Drive, 4MD)
Batting: RHB Nelson Torez 0-0: Bunt missed!
0-1: Bunted foul
0-2: Ball
1-2: Foul Ball, location: 2F
1-2: Ball
2-2: Foul Ball, location: 2F
2-2: Grounds into double play, 4-6-3 (Groundball, 4)
Batting: RHB Damon Grinter 0-0: Called Strike
0-1: Ground out 6-3 (Groundball, 6S)
Top of the 8th over - 0 run(s), 1 hit(s), 0 error(s), 0 left on base; Atlantic City 5 - Glendale 2
BOTTOM OF THE 8TH
Glendale Herons batting - Pitching for Atlantic City Sonics : LHP Nees Bogermans
Now at 1B: Russ Hanneman
Batting: RHB Arsenio Laurel 0-0: Ground out 5-3 (Groundball, 56)
Batting: RHB Christian Turner 0-0: Called Strike
0-1: Foul Ball, location: 2F
0-2: Ball
1-2: Foul Ball, location: 2F
1-2: Fly out, F8 (Line Drive, 8LXD)
Batting: SHB Jesús Herrera 0-0: Called Strike
0-1: Swinging Strike
0-2: Foul Ball, location: 2F
0-2: Ball
1-2: SINGLE (Groundball, 34D)
Pitching: LHP David Sherratt
Batting: RHB Takechi Okubo 0-0: Ball
1-0: Foul Ball, location: 2F
1-1: Swinging Strike
1-2: 2-RUN HOME RUN (Flyball, 78XD), Distance : 409 ft
Batting: SHB Raúl Duarte 0-0: Called Strike
0-1: Ball
1-1: Ball
2-1: Called Strike
2-2: Ball
3-2: Ground out 5-3 (Groundball, 56D)
Bottom of the 8th over - 2 run(s), 2 hit(s), 0 error(s), 0 left on base; Atlantic City 5 - Glendale 4
TOP OF THE 9TH
Atlantic City Sonics batting - Pitching for Glendale Herons : LHP Ralph Horn
Pitching: LHP Nick Riviera
Batting: RHB Cristián Alfonso 0-0: SINGLE (Line Drive, 4MD)
Batting: RHB José López 0-0: Ball
1-0: Sac Bunt - play at first, batter OUT! 2-4
Cristián Alfonso to second
Batting: RHB Senior Pond 0-0: Ball
1-0: Ball
2-0: Foul Ball, location: 2F
2-1: Ball
3-1: Swinging Strike
3-2: Foul Ball, location: 2F
3-2: Base on Balls
Batting: RHB Brady Bess 0-0: Foul Ball, location: 2F
0-1: Ball
1-1: Ball
2-1: SINGLE (Groundball, 56D)
Cristián Alfonso to third
Senior Pond to second
Runner from 3rd tries for Home, SAFE, no throw
Pinch Hitting: SHB Phil Moore 0-0: Ball
1-0: SINGLE (Flyball, 89M)
Senior Pond to third
Brady Bess to second
Runner from 3rd tries for Home, SAFE, no throw
Batting: RHB Thurman Blumer 0-0: SINGLE (Groundball, 4MD)
Brady Bess to third
Phil Moore to second
Batting: RHB Kevin Malone 0-0: Ball
1-0: Swinging Strike
1-1: Foul Ball, location: 2F
1-2: Strikes out swinging
Pinch Hitting: RHB Julián García 0-0: Called Strike
0-1: SINGLE (Line Drive, 78M)
Brady Bess scores
Phil Moore to third
Thurman Blumer to second
Runner from 3rd tries for Home, SAFE, no throw
Pitching: RHP Allen Carlson
Batting: RHB Damon Grinter 0-0: Hit by Pitch
Thurman Blumer to third
Julián García to second
Batting: RHB Cristián Alfonso 0-0: Called Strike
0-1: Swinging Strike
0-2: Foul Ball, location: 2F
0-2: Ball
1-2: Strikes out swinging
Top of the 9th over - 4 run(s), 5 hit(s), 0 error(s), 3 left on base; Atlantic City 9 - Glendale 4
BOTTOM OF THE 9TH
Glendale Herons batting - Pitching for Atlantic City Sonics : LHP David Sherratt
Now at C: Julián García
Now in RF: Phil Moore
Batting: RHB Ramón Hernández 0-0: Ball
1-0: Ball
2-0: Ball
3-0: Base on Balls
Batting: RHB Santiago Ramos 0-0: Ball
1-0: Foul Ball, location: 2F
1-1: Called Strike
1-2: Strikes out looking
Batting: RHB James Pike 0-0: Called Strike
0-1: Ball
1-1: DOUBLE (Line Drive, 7LM)
Ramón Hernández to third
Batting: SHB Glyn Bolasky 0-0: Ball
1-0: Called Strike
1-1: Foul Ball, location: 2F
1-2: Strikes out swinging
Batting: RHB Arsenio Laurel 0-0: Called Strike
0-1: Ball
1-1: Foul Ball, location: 2F
1-2: Strikes out swinging
Bottom of the 9th over - 0 run(s), 1 hit(s), 0 error(s), 2 left on base; Atlantic City 9 - Glendale 4
Saturday, May 26th, 2018 - OOTP Baseball 17.12 Build 75